 Dungeon Crawl Stone Soup version 0.29.0-13-gc9e81de378 (webtiles) character file.

Game seed: 7507038516539515875

47 Strat the Slasher (level 3, -3/29 HPs)
             Began as a Barachi Warper on Sept 7, 2022.
             Killed by nerve-wracking pain
             ... invoked by a shadow imp
             ... summoned by Natasha
              (13 damage)
             ... on level 3 of the Dungeon.
             The game lasted 00:03:05 (2079 turns).

Strat the Slasher (Barachi Warper)                  Turns: 2079, Time: 00:03:07

Health: -3/29      AC:  5    Str: 14    XL:     3   Next: 70%
Magic:  6/6        EV: 11    Int: 13    God:
Gold:   47         SH:  0    Dex: 11    Spells: 4/6 levels left

rFire   . . .      SeeInvis .   a - +0 falchion
rCold   . . .      Faith    .   (no shield)
rNeg    . . .      Spirit   .   m - +0 ring mail
rPois   .          Reflect  .   (no helmet)
rElec   .          Harm     .   (no cloak)
rCorr   .          Rampage  .   (no gloves)
Will    .....                   (no boots)
Stlth   +.........              (no amulet)
HPRegen 0.09/turn               (no ring)
MPRegen 0.10/turn               (no ring)

@: slowed, very slow
A: amphibious, slowness 1, strong legs 1, +LOS
a: Hop


You were on level 3 of the Dungeon.
You visited 1 branch of the dungeon, and saw 3 of its levels.

You collected 47 gold pieces.

Inventory:

Hand Weapons
 a - a +0 falchion (weapon)
 b - a +0 sling
Missiles
 d - 7 boomerangs of dispersal (quivered)
 n - a throwing net
Armour
 l - a +0 leather armour
 m - a +0 ring mail (worn)
Jewellery
 e - a ring of poison resistance
Scrolls
 c - a scroll of blinking
 f - 2 scrolls of fear {unknown}
 g - a scroll of brand weapon {unknown}
 h - 2 scrolls of teleportation {unknown}
 i - a scroll of enchant armour {unknown}
 k - a scroll of vulnerability {unknown}
 o - a scroll of poison {unknown}
 p - a scroll of identify {unknown}
 q - a scroll of enchant weapon {unknown}
Potions
 j - a potion of heal wounds {unknown}


   Skills:
 - Level 3.0 Fighting
 + Level 4.2 Long Blades
 - Level 1.0 Throwing
 + Level 1.7 Armour
 - Level 2.1 Dodging
 - Level 2.1 Spellcasting
 - Level 3.2 Translocations


You had 4 spell levels left.
You knew the following spells:

 Your Spells              Type           Power      Damage    Failure   Level
a - Blink                 Tloc           18%        N/A       19%         2

Your spell library contained the following spells:

 Spells                   Type           Power      Damage    Failure   Level
 Gell's Gravitas          Tloc           9%         N/A       36%         3
 Lesser Beckoning         Tloc           9%         N/A       36%         3
 Teleport Other           Tloc           9%         N/A       36%         3
 Manifold Assault         Tloc           9%         N/A       98%         5
 Summon Forest            Summ/Tloc      2%         N/A       100%        5
 Eringya's Noxious Bog    Tmut/Pois      0%         N/A       100%        6
 Summon Hydra             Summ           0%         N/A       100%        7


Dungeon Overview and Level Annotations

Branches:
Dungeon (3/15)

Altars:

Shops:
D:1 (??

Annotations:
D:2 Robin
D:3 Natasha


Innate Abilities, Weirdness & Mutations

You are amphibious.
You cover ground slowly.
You can hop short distances.
You have an extended range of vision and can be seen from far away.


Message History

You kill the goblin!
Natasha, Servant of Life and Death comes into view.
You shoot a sling bullet.
The sling bullet closely misses Natasha.
Natasha hisses angrily.
Natasha casts a spell at you. The magic dart hits you.
You shoot a sling bullet. The sling bullet hits Natasha.
Natasha is lightly wounded.
You shoot a sling bullet. The sling bullet barely misses Natasha.
You shoot a sling bullet. The sling bullet hits Natasha.
Natasha is moderately wounded.
a - a +0 falchion (weapon)
You barely miss Natasha.
Natasha is moderately wounded.
Natasha casts a spell.
You barely miss Natasha.
Natasha is moderately wounded.
Natasha stares at you and mumbles some strange words.
You feel yourself slow down. The shadow imp closely misses you.
You barely miss Natasha.
Natasha is moderately wounded.
Natasha claws you!
* * * LOW HITPOINT WARNING * * *
The shadow imp closely misses you. Natasha claws you.
* * * LOW HITPOINT WARNING * * *
You hit Natasha.
Natasha is heavily wounded.
The shadow imp hits you.
* * * LOW HITPOINT WARNING * * *
Natasha barely misses you. The shadow imp hits you.
* * * LOW HITPOINT WARNING * * *
You hit Natasha.
Natasha is almost dead.
Natasha barely misses you.
The shadow imp hits you but does no damage.
Natasha claws you but does no damage. The shadow imp gestures at you.
Pain shoots through your body!
You die...

... ..# #)#
#.# .# #.#
.#.. #.# ..#
#.# ...#
###h####^..#
#..@....#
#.5.....#
#.......#
#.......#
#.......#
#.......#
#.......#
#.......#
#.......#


You could see Natasha and a shadow imp (summoned).

Vanquished Creatures
  3 bats
  5 endoplasms
  3 giant cockroaches (D:2)
  6 hobgoblins
  4 jackals (D:2)
  A quokka (D:2)
  6 ball pythons
  A frilled lizard (D:2)
  5 goblins
  A kobold (D:1)
  5 rats
40 creatures vanquished.

Notes
Turn   | Place    | Note
-------+----------+-------------------------------------------
     0 | D:1      | Strat the Barachi Warper began the quest for the Orb.
     0 | D:1      | Reached XP level 1. HP: 17/17 MP: 3/3
    19 | D:1      | Found Dintesya's Antique Weapon Shoppe.
    99 | D:1      | Found a faded altar of an unknown god.
   271 | D:1      | Found Woragh's Magic Scroll Shoppe.
   292 | D:1      | Found Ynyopash's Magic Scroll Emporium.
   462 | D:1      | Reached XP level 2. HP: 23/23 MP: 5/5
   467 | D:1      | Learned a level 2 spell: Blink
   483 | D:1      | Reached skill level 3 in Long Blades
  1367 | D:2      | Reached XP level 3. HP: 29/29 MP: 6/6
  1475 | D:2      | Reached skill level 4 in Long Blades
  1545 | D:2      | Noticed Robin
  2069 | D:3      | Noticed Natasha
  2079 | D:3      | Killed from afar by a shadow imp

Illustrated notes

Levels and vault maps discovered:
D:1:      psy_arrival_radial02, layout_loops_ring, serial_shops, shop_statue,
          nicolae_shop_hallway_stairs, shop_statue, basic_ecumenical_altar,
          bh_walls_and_bars
D:2:      layout_basic, uniq_robin
D:3:      layout_basic, lemuel_crystal_altar, uniq_natasha

Skill      XL: |  1  2  3 |
---------------+----------+-----
Fighting       | 3 |  3.0
Long Blades    | 3 4 |  4.2
Throwing       | |  1.0
Armour         | |  1.7
Dodging        | |  2.1
Spellcasting   | |  2.1
Translocations | |  3.2

Action                   || total
-------------------------++-------
Melee: Falchion          ||    88
       Punch             ||     1
 Fire: Sling             ||    66
 Stab: Sleeping          ||     1
Armor: Leather armour    ||    25
       Ring mail         ||    30
Dodge: Dodged            ||    84
